 Dungeon Crawl Stone Soup version 0.31.0-11-ge490571c62 (webtiles) character file.

Game seed: 4516962188254364530

12 browni3141 the Slasher (level 2, 0/25 HPs)
             Began as a Barachi Monk on Feb 1, 2024.
             Slain by a gnoll
             ... wielding a +0 spear
              (7 damage)
             ... on level 3 of the Dungeon.
             The game lasted 00:01:40 (177 turns).

browni3141 the Slasher (Barachi Monk)                Turns: 177, Time: 00:01:41

Health: 0/25       AC:  4    Str: 12    XL:     2   Next: 33%
Magic:  2/2        EV: 13    Int: 10    God:
Gold:   22         SH:  0    Dex: 14    Spells: 1/1 levels left

rFire   . . .        a - +0 falchion
rCold   . . .        d - orb {light}
rNeg    . . .        b - +0 robe
rPois   .            e - +1 helmet
rElec   .            (no cloak)
rCorr   .            (no gloves)
SInv    .            (no boots)
Will    .....        (no amulet)
Stlth   +            (no ring)
HPRegen 0.24/turn    (no ring)
MPRegen 0.08/turn

%: no passive effects
@: unable to hop, glowing, slow
A: amphibious, slowness 1, strong legs 1, +LOS
a: Hop


You were on level 3 of the Dungeon.
You visited 1 branch of the dungeon, and saw 3 of its levels.

You collected 22 gold pieces.

Inventory:

Hand Weapons
 a - a +0 falchion (weapon)
Missiles
 j - 5 silver javelins (quivered)
Armour
 b - a +0 robe (worn)
 d - an orb of light (worn)
 e - a +1 helmet (worn)
Scrolls
 f - a scroll of immolation {unknown}
 g - a scroll of identify {unknown}
 i - a scroll of brand weapon {unknown}
Potions
 c - a potion of ambrosia


   Skills:
 + Level 3.9 Fighting
 + Level 3.9 Long Blades
 + Level 3.5 Dodging


You had one spell level left.
You didn't know any spells.
Your spell library was empty.

Dungeon Overview and Level Annotations

Branches:
Dungeon (3/15)

Altars:


Innate Abilities, Weirdness & Mutations

You are amphibious.
You cover ground slowly.
You can hop short distances.
You have an extended range of vision and can be seen from far away.


Message History

The kobold is heavily wounded.
The kobold hits you but does no damage. The kobold hits you with a +0 dagger.
You climb downwards.
The adder hisses angrily.
There is a stone staircase leading up here.
You barely miss the kobold.
The kobold is heavily wounded.
The kobold barely misses you.
You hit the kobold.
You kill the kobold!
You are ready to hop once more.
You hit the adder but do no damage. The adder bites you.
You are poisoned.
The adder poisons you!
You slash the adder!
The adder is severely wounded.
You feel sick. The adder bites you.
You are more poisoned.
The adder poisons you! The adder barely misses you.
You hit the adder.
You kill the adder!
You feel sick.
You have reached level 2!
Found an escape hatch in the floor.
You feel sick.
You see here 6 silver javelins.
j - 6 silver javelins You feel sick.
It was a potion of heal wounds.
You feel much better.
You feel sick.
You feel sick.
A gnoll comes into view. It is wielding a +0 spear.
You feel sick.
The gnoll shouts!
A gnoll comes into view. It is wielding a +0 spear.
You feel sick.
You are no longer poisoned.
A gnoll comes into view.
It is wielding a +0 flail and quivering a throwing net.
Found a stone staircase leading down.
A rat and a kobold come into view.
The rat squeaks loudly.
The kobold shouts!
The kobold throws a stone.
The stone hits you. The rat bites you but does no damage.
The kobold throws a stone.
The stone misses you.
The stone hits the rat.
The rat dies!
The kobold barely misses you.
You see here 4 poisoned darts.
k - 4 poisoned darts The kobold hits you but does no damage.
The gnoll hits you from afar with a +0 spear.
The kobold hits you but does no damage. The kobold misses you.
The kobold throws a stone.
The stone hits you.
The kobold throws a stone.
The stone hits you but does no damage. The gnoll barely misses you.
You see here 7 gold pieces.
Throw: 4 darts (poison)
Press: ? - help, Q - select action, (/) - cycle Shift-Dir - straight line, f - gnoll
Aim: a gnoll, wielding a +0 spear (haloed, 80% to hit)
You throw a poisoned dart.
The poisoned dart barely misses the gnoll.
The gnoll barely misses you.
Throw: 3 darts (poison)
Press: ? - help, Q - select action, (/) - cycle Shift-Dir - straight line, f/p - gnoll
Aim: a gnoll, wielding a +0 spear (haloed, 80% to hit)
You throw a poisoned dart. The poisoned dart hits the gnoll.
The gnoll is poisoned.
The gnoll hits you from afar with a +0 spear.
You hit the kobold but do no damage. The kobold misses you.
The gnoll hits you from afar with a +0 spear.
You hit the kobold but do no damage. The kobold hits you with a +0 dagger.
The gnoll barely misses you.
You hit the kobold.
The kobold is severely wounded.
The kobold closely misses you.
The gnoll hits you from afar with a +0 spear.
You slash the kobold!
You kill the kobold!
The gnoll hits you but does no damage.
Hop to where?
Press: ? - help, Dir - move target, p - gnoll Boing!
Throw: 2 darts (poison)
Press: ? - help, Q - select action, (/) - cycle Shift-Dir - straight line, f - gnoll
Aim: a gnoll, wielding a +0 spear (moderately wounded, poisoned, haloed, 80% to hit)
You throw a poisoned dart. The poisoned dart hits the gnoll.
The gnoll is moderately wounded.
Throw: dart (poison)
Press: ? - help, Q - select action, (/) - cycle Shift-Dir - straight line, f/p - gnoll
Aim: a gnoll, wielding a +0 spear (sparse dust, heavily wounded, poisoned, haloed, 80% to hit)
You throw a poisoned dart. The poisoned dart hits the gnoll.
The gnoll is heavily wounded.
The gnoll looks more healthy.
The gnoll hits you from afar with a +0 spear.
Throw: 6 javelins (silver)
Press: ? - help, Q - select action, (/) - cycle Shift-Dir - straight line, f/p - gnoll
Aim: a gnoll, wielding a +0 spear (sparse dust, heavily wounded, haloed, 80% to hit)
You throw a silver javelin.
The silver javelin pierces through the gnoll.
The gnoll is almost dead.
The gnoll hits you from afar with a +0 spear!
You die...

.. .# ##.# #... #..#
#.#. #..# #.#.##(.
#.#.##.### #.....@..#
#...##.#.# #?..##g#.#
#.....(#.# #
#.....(#.#>#
#......#.#.# ###
#####........#.# ...
#............#.##.###
#.###.##..(#.........


You could see a gnoll.

Vanquished Creatures
  An adder (D:3)
  2 kobolds (D:3)
3 creatures vanquished.

Vanquished Creatures (others)
  A rat (D:3)
1 creature vanquished.

Grand Total: 4 creatures vanquished

Notes
Turn   | Place    | Note
-------+----------+-------------------------------------------
     0 | D:1      | browni3141 the Barachi Monk began the quest for the Orb.
     0 | D:1      | Reached XP level 1. HP: 18/18 MP: 1/1
   144 | D:3      | Reached XP level 2. HP: 13/25 MP: 2/2
   177 | D:3      | Slain by a gnoll

Illustrated notes

Levels and vault maps discovered:
D:1:      denvon_arrival_planthouse, layout_rooms, chequers_jeans
D:2:      layout_basic, corexii_corridor_pit, minmay_misc_feat_chi,
          minmay_tree_intersection, nrook_mini_backslash, minmay_tiny_reverse_x,
          uniq_natasha, uniq_terence
D:3:      layout_loops_ring, yredelemnul_altar_generic, uniq_robin

Action                     || total
---------------------------++-------
  Melee: Falchion          ||    11
  Throw: Dart              ||     4
         Javelin           ||     1
Ability: Hop               ||     2
    Use: Potion            ||     1
 Armour: Robe              ||    19
  Dodge: Dodged            ||    10
